Pick #1

Connor Bedard
Pick #2

Leo Carlsson
Pick #3

Adam Fantilli
Pick #4

Matvei Michkov
Pick #5

David Reinbacher
Pick #6

William Smith
Pick #7

Zachary Benson
Pick #8

Ryan Leonard
Pick #9

Gabriel Perreault
Pick #10

Axel Sandin-Pellika
Pick #11

Daniil But
Pick #12

Dalibor Dvorsky
Pick #13

Quentin Musty
Pick #14

Brayden Yager
Pick #15

Dmitry Simashev
Pick #16

Colby Barlow
Pick #17

Andrew Cristall
Pick #18

Easton Cowan
Pick #19

Jacob Fowler
Pick #20

Oliver Moore
Pick #21

Oliver Bonk
Pick #22

Tom Willander
Pick #23

Calum Ritchie
Pick #24

Tanner Molendyk
Pick #25

Gavin Brindley
Pick #26

Nate Danielson
Pick #27

Pick #28

Pick #29

Pick #30

Pick #31

Pick #32

Pick #33

Pick #34

Pick #35

Pick #36

Pick #37

Pick #38

Pick #39

Pick #40

Pick #41

Pick #42

Pick #43

Pick #44

Pick #45

Pick #46

Pick #47

Pick #48

Pick #49

Pick #50

Pick #51

Pick #52

Pick #53

Pick #54

Pick #55

Pick #56

Pick #57

Pick #58

Pick #59

Pick #60

Pick #61

Pick #62

Pick #63

Pick #64

Pick #65

Pick #66

Pick #67

Pick #68

Pick #69

Pick #70

Pick #71

Pick #72

Pick #73

Pick #74

Pick #75

Pick #76

Pick #77

Pick #78

Pick #79

Pick #80

Pick #81

Pick #82

Pick #83

Pick #84

Pick #85

Pick #86

Pick #87

Pick #88

Pick #89

Pick #90

Pick #91

Pick #92

Pick #93

Pick #94

Pick #95

Pick #96

Pick #97

Pick #98

Pick #99

Pick #100

Pick #101

Pick #102

Pick #103

Pick #104

Pick #105

Pick #106

Pick #107

Pick #108

Pick #109

Pick #110

Pick #111

Pick #112

Pick #113

Pick #114

Pick #115

Pick #116

Pick #117

Pick #118

Pick #119

Pick #120

Pick #121

Pick #122

Pick #123

Pick #124

Pick #125

Pick #126

Pick #127

Pick #128

Pick #129

Pick #130

Full Scoreboard »»

Oilers vs Jets

Created - October 14, 2023 at 22:41

Goals
1 2 3 T
Oilers 0 2 2 4
Jets 0 0 0 0
Shots
1 2 3 T
Oilers 3 11 13 27
Jets 3 16 8 27

GoalsPenalties
1st period
No Goal
Hampus Lindholm (WPG) for Hooking (Minor) at 0:30
Connor Murphy (WPG) for Holding (Minor) at 3:37
Ondrej Palat (EDM) for Interference (Minor) at 3:37
Mattias Samuelsson (EDM) for Holding Stick (Minor) at 18:42
2nd period
1. Oilers , Ryan Johansen 2 (Ondrej Palat 2) at 4:38
2. Oilers , Ryan Johansen 3 (Dylan Strome 1, Vladislav Gavrikov 2) at 10:51
No Penalty
3rd period
3. Oilers , Josh Bailey 1 (Alexander Barabanov 1, Adam Lowry 1) at 1:04
4. Oilers , Brock Boeser 1 (Sam Bennett 1) at 7:08
Dmitry Orlov (WPG) for Tripping (Minor) at 9:28
Goalie Stats
Jack Campbell (EDM), 27 saves from 27 shots - (1.000), W, 1-1-0, 60:00 minutes
Dan Vladar (WPG), 10 saves from 10 shots - (1.000), 12:52 minutes
Tristan Jarry (WPG), 13 saves from 17 shots - (0.765), L, 0-2-0, 47:08 minutes
3 StarsOfficial
1 - Ryan Johansen (EDM)
2 - Jack Campbell (EDM)
3 - Brock Boeser (EDM)
Referees : Mike Sheehan and Ghislain Hebert
Linesman : Ryan Daisy and Shaun Morgan
Game Note
Dan Vladar enters game at 7:08 of 3rd period
Darren Helm is injured at 12:08 of 3rd period (Upper Body)
Finance
Level 1 -- Attendance: 4367 (72.78%) -- Ticket Income $589,545
Level 2 -- Attendance: 3182 (63.64%) -- Ticket Income $397,750
Level 3 -- Attendance: 1644 (74.73%) -- Ticket Income $197,280
Level 4 -- Attendance: 909 (89.47%) -- Ticket Income $104,535
Luxury Box -- Attendance: 572 (71.50%) -- Ticket Income $200,200
Game was played at the Canada Life Center.
Total Attendance: 10674 (71.08%)
Total Ticket Income: $1,489,310
Other Income: $372,328
Total Income: $1,861,638



Team Name Goals Shots Shots Attemp Shots Blocked PIM HIT PP PK FO%
Oilers 4275694190 / 2 (0%)055%
Jets 02754106200 / 1 (0%)045%

Oilers
Player Name POS G A P +/- PIM HIT SHT SB MP PP MP PP SHT PK MP PK SHT FO% FOT
Adam LowryC0111031013:580:0001:43043% 21
Alexander BarabanovLW0111002015:041:5900:0000% 1
Brock BoeserRW1011002019:571:5900:0000% 1
Cole PerfettiC0001000119:471:5900:00080% 5
Dylan StromeC0112002017:121:5910:0000% 0
Jakob SilfverbergRW000000208:040:0000:1600% 0
Jakub VoracekRW0000011010:200:0001:4300% 0
Jamie DrysdaleD0001003220:332:0020:3400% 0
Josh BaileyRW1011003014:152:0010:0000% 1
Mattias SamuelssonD0001230119:491:5800:0000% 0
Nikita ZaitsevD0001012015:210:0000:3900% 0
Ondrej PalatLW0112243014:220:0000:0000% 0
Paul StastnyC000000108:530:0000:16075% 8
Ryan JohansenC2022042016:221:5900:00040% 20
Ryan PulockD0002010323:501:5801:1300% 0
Sam BennettC0111012019:471:5910:00082% 17
Scott MayfieldD0001011016:180:0000:4600% 0
Vladislav GavrikovD0112000222:080:0000:4600% 0
Jets
Player Name POS G A P +/- PIM HIT SHT SB MP PP MP PP SHT PK MP PK SHT FO% FOT
Andre BurakovskyLW000-3022022:461:1802:20067% 3
Andreas AthanasiouC0000001015:360:0001:00061% 18
Brett KulakD000-2001016:530:0001:5300% 0
Colin MillerD000-2010115:290:0000:0000% 0
Connor MurphyD0000210019:090:4101:4800% 0
Darren HelmC000-100007:090:0000:00020% 5
Dmitry OrlovD000-2202124:521:1811:1300% 0
Garnet HathawayRW0000010011:530:0000:3800% 1
Gustav NyquistC0000034016:170:4101:00067% 3
Hampus LindholmD000-2223325:001:1801:2100% 0
Mark JankowskiC0000010311:150:0000:00045% 11
Nick SchmaltzC000-3032023:311:1812:20039% 28
Oliver BjorkstrandRW0000022015:130:4100:0000% 1
Oskar SundqvistC000-100108:190:0000:0000% 0
Reilly SmithRW000-3033121:111:1810:0000% 1
Thomas NovakC000-101108:190:0000:000100% 1
Torey KrugD0000001118:340:4101:4100% 0
Victor OlofssonLW0000004012:340:4100:3800% 2



Play-by-Play

1st period


0:01 of 1st period - Sam Bennett wins face-off versus Nick Schmaltz in neutral zone.
0:01 of 1st period - Sam Bennett is hit by Reilly Smith.
0:23 of 1st period - Shot by Brock Boeser.
0:23 of 1st period - Shot Blocked by Hampus Lindholm.
0:30 of 1st period - Minor Penalty to Hampus Lindholm for Hooking.
0:31 of 1st period - Ryan Johansen wins face-off versus Nick Schmaltz in Jets zone.
0:32 of 1st period - Shot by Jamie Drysdale.
0:32 of 1st period - Stopped by Tristan Jarry without a rebound.
0:33 of 1st period - Nick Schmaltz wins face-off versus Ryan Johansen in Jets zone.
1:56 of 1st period - Icing by Mattias Samuelsson.
1:57 of 1st period - Sam Bennett wins face-off versus Andreas Athanasiou in Oilers zone.
2:11 of 1st period - Andreas Athanasiou is hit by Ryan Pulock and loses puck.
2:48 of 1st period - Brett Kulak is hit by Jakub Voracek and loses puck.
3:24 of 1st period - Icing by Torey Krug.
3:25 of 1st period - Andreas Athanasiou wins face-off versus Ryan Johansen in Jets zone.
3:25 of 1st period - Andreas Athanasiou is hit by Ondrej Palat.
3:31 of 1st period - Connor Murphy is hit by Ondrej Palat and loses puck.
3:37 of 1st period - Minor Penalty to Connor Murphy for Holding.
3:37 of 1st period - Minor Penalty to Ondrej Palat for Interference.
3:38 of 1st period - Paul Stastny wins face-off versus Nick Schmaltz in Jets zone.
3:39 of 1st period - Shot by Jakub Voracek.
3:39 of 1st period - Stopped by Tristan Jarry with a rebound.
3:55 of 1st period - Vladislav Gavrikov is hit by Nick Schmaltz and loses puck.
5:04 of 1st period - Dylan Strome is hit by Gustav Nyquist.
7:20 of 1st period - Icing by Ryan Johansen.
7:21 of 1st period - Ryan Johansen wins face-off versus Nick Schmaltz in Oilers zone.
8:21 of 1st period - Alexander Barabanov is hit by Oliver Bjorkstrand.
8:34 of 1st period - Off-side.
8:35 of 1st period - Sam Bennett wins face-off versus Mark Jankowski in neutral zone.
8:35 of 1st period - Sam Bennett is hit by Garnet Hathaway.
9:39 of 1st period - Brock Boeser is hit by Gustav Nyquist and loses puck.
9:58 of 1st period - Shot by Andreas Athanasiou.
9:58 of 1st period - Shot Blocked by Vladislav Gavrikov.
10:11 of 1st period - Icing by Vladislav Gavrikov.
10:12 of 1st period - Sam Bennett wins face-off versus Nick Schmaltz in Oilers zone.
11:44 of 1st period - Shot by Oskar Sundqvist.
11:44 of 1st period - Shot Misses the Net.
11:47 of 1st period - Icing by Vladislav Gavrikov.
11:48 of 1st period - Andreas Athanasiou wins face-off versus Brock Boeser in Oilers zone.
12:52 of 1st period - Sam Bennett is hit by Reilly Smith and loses puck.
14:20 of 1st period - Shot by Ryan Johansen.
14:20 of 1st period - Shot Blocked by Mark Jankowski.
14:22 of 1st period - Shot by Dylan Strome.
14:22 of 1st period - Shot Misses the Net.
14:35 of 1st period - Off-side.
14:36 of 1st period - Andreas Athanasiou wins face-off versus Adam Lowry in neutral zone.
14:39 of 1st period - Shot by Oliver Bjorkstrand.
14:39 of 1st period - Deflect By Gustav Nyquist.
14:39 of 1st period - Stopped by Jack Campbell without a rebound.
14:40 of 1st period - Andreas Athanasiou wins face-off versus Adam Lowry in Oilers zone.
15:02 of 1st period - Shot by Josh Bailey.
15:02 of 1st period - Shot Misses the Net.
15:16 of 1st period - Shot by Gustav Nyquist.
15:16 of 1st period - Stopped by Jack Campbell without a rebound.
15:17 of 1st period - Mark Jankowski wins face-off versus Ryan Johansen in Oilers zone.
15:36 of 1st period - Shot by Victor Olofsson.
15:36 of 1st period - Stopped by Jack Campbell without a rebound.
15:37 of 1st period - Paul Stastny wins face-off versus Darren Helm in Oilers zone.
15:37 of 1st period - Paul Stastny is hit by Thomas Novak.
15:44 of 1st period - Off-side.
15:45 of 1st period - Adam Lowry wins face-off versus Andreas Athanasiou in neutral zone.
15:47 of 1st period - Off-side.
15:48 of 1st period - Nick Schmaltz wins face-off versus Adam Lowry in neutral zone.
15:48 of 1st period - Andre Burakovsky is hit by Adam Lowry and loses puck.
16:55 of 1st period - Nikita Zaitsev is hit by Andre Burakovsky and loses puck.
17:08 of 1st period - Shot by Ondrej Palat.
17:08 of 1st period - Stopped by Tristan Jarry without a rebound.
17:09 of 1st period - Andreas Athanasiou wins face-off versus Paul Stastny in Jets zone.
18:19 of 1st period - Brett Kulak is hit by Mattias Samuelsson and loses puck.
18:42 of 1st period - Minor Penalty to Mattias Samuelsson for Holding Stick.
18:43 of 1st period - Adam Lowry wins face-off versus Nick Schmaltz in Oilers zone.
19:02 of 1st period - Adam Lowry is hit by Nick Schmaltz and loses puck.
19:15 of 1st period - Shot by Andre Burakovsky.
19:15 of 1st period - Shot Misses the Net.
19:24 of 1st period - Icing by Reilly Smith.
19:25 of 1st period - Adam Lowry wins face-off versus Andre Burakovsky in Jets zone.
19:25 of 1st period - Scott Mayfield is hit by Hampus Lindholm and loses puck.
19:33 of 1st period - Off-side.
19:34 of 1st period - Adam Lowry wins face-off versus Gustav Nyquist in neutral zone.
Goals for this period are 0 for Oilers vs 0 for Jets.
Shots for this period are 3 for Oilers vs 3 for Jets.

2nd period


0:01 of 2nd period - Nick Schmaltz wins face-off versus Adam Lowry in neutral zone.
0:10 of 2nd period - Icing by Reilly Smith.
0:11 of 2nd period - Nick Schmaltz wins face-off versus Adam Lowry in Jets zone.
0:20 of 2nd period - Shot by Dmitry Orlov.
0:20 of 2nd period - Shot Blocked by Vladislav Gavrikov.
0:22 of 2nd period - Shot by Dmitry Orlov.
0:22 of 2nd period - Stopped by Jack Campbell with a rebound.
0:24 of 2nd period - Shot by Nick Schmaltz.
0:24 of 2nd period - Stopped by Jack Campbell with a rebound.
0:26 of 2nd period - Shot by Reilly Smith.
0:26 of 2nd period - Stopped by Jack Campbell without a rebound.
0:27 of 2nd period - Gustav Nyquist wins face-off versus Adam Lowry in Oilers zone.
1:07 of 2nd period - Icing by Hampus Lindholm.
1:08 of 2nd period - Adam Lowry wins face-off versus Nick Schmaltz in Jets zone.
1:27 of 2nd period - Shot by Andre Burakovsky.
1:27 of 2nd period - Shot Blocked by Ryan Pulock.
1:29 of 2nd period - Shot by Dmitry Orlov.
1:29 of 2nd period - Stopped by Jack Campbell without a rebound.
1:30 of 2nd period - Ryan Johansen wins face-off versus Andreas Athanasiou in Oilers zone.
1:35 of 2nd period - Connor Murphy is hit by Ryan Johansen and loses puck.
1:58 of 2nd period - Icing by Connor Murphy.
1:59 of 2nd period - Adam Lowry wins face-off versus Andreas Athanasiou in Jets zone.
2:14 of 2nd period - Shot by Andreas Athanasiou.
2:14 of 2nd period - Shot Misses the Net.
3:08 of 2nd period - Shot by Dylan Strome.
3:08 of 2nd period - Deflect By Ondrej Palat.
3:08 of 2nd period - Stopped by Tristan Jarry without a rebound.
3:09 of 2nd period - Mark Jankowski wins face-off versus Paul Stastny in Jets zone.
4:29 of 2nd period - Icing by Hampus Lindholm.
4:30 of 2nd period - Darren Helm wins face-off versus Ryan Johansen in Jets zone.
4:30 of 2nd period - Darren Helm is hit by Ryan Johansen.
4:38 of 2nd period - Shot by Ryan Johansen.
4:38 of 2nd period - Goal by Ryan Johansen - Oilers : 1 - Jets : 0.
4:39 of 2nd period - Nick Schmaltz wins face-off versus Adam Lowry in neutral zone.
4:45 of 2nd period - Icing by Ryan Pulock.
4:46 of 2nd period - Nick Schmaltz wins face-off versus Adam Lowry in Oilers zone.
4:47 of 2nd period - Shot by Reilly Smith.
4:47 of 2nd period - Stopped by Jack Campbell without a rebound.
4:48 of 2nd period - Sam Bennett wins face-off versus Nick Schmaltz in Oilers zone.
4:48 of 2nd period - Scott Mayfield is hit by Nick Schmaltz and loses puck.
4:59 of 2nd period - Shot by Nick Schmaltz.
4:59 of 2nd period - Stopped by Jack Campbell with a rebound.
5:01 of 2nd period - Shot by Andre Burakovsky.
5:01 of 2nd period - Shot Misses the Net.
5:05 of 2nd period - Shot by Reilly Smith.
5:05 of 2nd period - Shot Misses the Net.
5:15 of 2nd period - Shot by Hampus Lindholm.
5:15 of 2nd period - Stopped by Jack Campbell without a rebound.
5:16 of 2nd period - Andreas Athanasiou wins face-off versus Ryan Johansen in Oilers zone.
5:17 of 2nd period - Shot by Oliver Bjorkstrand.
5:17 of 2nd period - Stopped by Jack Campbell without a rebound.
5:18 of 2nd period - Andreas Athanasiou wins face-off versus Ryan Johansen in Oilers zone.
5:27 of 2nd period - Shot by Gustav Nyquist.
5:27 of 2nd period - Stopped by Jack Campbell with a rebound.
6:02 of 2nd period - Shot by Oliver Bjorkstrand.
6:02 of 2nd period - Stopped by Jack Campbell with a rebound.
6:24 of 2nd period - Shot by Alexander Barabanov.
6:24 of 2nd period - Stopped by Tristan Jarry without a rebound.
6:25 of 2nd period - Sam Bennett wins face-off versus Victor Olofsson in Jets zone.
6:32 of 2nd period - Shot by Sam Bennett.
6:32 of 2nd period - Shot Blocked by Mark Jankowski.
6:45 of 2nd period - Victor Olofsson is hit by Mattias Samuelsson and loses puck.
6:54 of 2nd period - Shot by Victor Olofsson.
6:54 of 2nd period - Shot Misses the Net.
7:06 of 2nd period - Shot by Victor Olofsson.
7:06 of 2nd period - Stopped by Jack Campbell with a rebound.
7:32 of 2nd period - Shot by Reilly Smith.
7:32 of 2nd period - Shot Misses the Net.
7:34 of 2nd period - Shot by Dmitry Orlov.
7:34 of 2nd period - Shot Blocked by Jamie Drysdale.
8:08 of 2nd period - Icing by Adam Lowry.
8:09 of 2nd period - Andreas Athanasiou wins face-off versus Adam Lowry in Oilers zone.
8:59 of 2nd period - Icing by Josh Bailey.
9:00 of 2nd period - Adam Lowry wins face-off versus Mark Jankowski in Oilers zone.
9:20 of 2nd period - Shot by Victor Olofsson.
9:20 of 2nd period - Shot Misses the Net.
9:52 of 2nd period - Shot by Ondrej Palat.
9:52 of 2nd period - Shot Misses the Net.
9:56 of 2nd period - Shot by Dylan Strome.
9:56 of 2nd period - Stopped by Tristan Jarry without a rebound.
9:57 of 2nd period - Sam Bennett wins face-off versus Nick Schmaltz in Jets zone.
10:00 of 2nd period - Shot by Cole Perfetti.
10:00 of 2nd period - Shot Misses the Net.
10:05 of 2nd period - Icing by Reilly Smith.
10:06 of 2nd period - Cole Perfetti wins face-off versus Nick Schmaltz in Jets zone.
10:07 of 2nd period - Shot by Sam Bennett.
10:07 of 2nd period - Shot Blocked by Dmitry Orlov.
10:09 of 2nd period - Shot by Brock Boeser.
10:09 of 2nd period - Shot Misses the Net.
10:11 of 2nd period - Shot by Jamie Drysdale.
10:11 of 2nd period - Stopped by Tristan Jarry without a rebound.
10:12 of 2nd period - Cole Perfetti wins face-off versus Nick Schmaltz in Jets zone.
10:17 of 2nd period - Shot by Sam Bennett.
10:17 of 2nd period - Stopped by Tristan Jarry without a rebound.
10:18 of 2nd period - Ryan Johansen wins face-off versus Nick Schmaltz in Jets zone.
10:23 of 2nd period - Shot by Dylan Strome.
10:23 of 2nd period - Shot Misses the Net.
10:51 of 2nd period - Shot by Ryan Johansen.
10:51 of 2nd period - Goal by Ryan Johansen - Oilers : 2 - Jets : 0.
10:52 of 2nd period - Sam Bennett wins face-off versus Andreas Athanasiou in neutral zone.
11:01 of 2nd period - Mattias Samuelsson is hit by Oliver Bjorkstrand and loses puck.
11:28 of 2nd period - Shot by Andreas Athanasiou.
11:28 of 2nd period - Shot Blocked by Jamie Drysdale.
11:50 of 2nd period - Shot by Hampus Lindholm.
11:50 of 2nd period - Stopped by Jack Campbell without a rebound.
11:51 of 2nd period - Nick Schmaltz wins face-off versus Adam Lowry in Oilers zone.
12:54 of 2nd period - Thomas Novak is hit by Adam Lowry and loses puck.
13:31 of 2nd period - Shot by Jakob Silfverberg.
13:31 of 2nd period - Shot Misses the Net.
13:43 of 2nd period - Shot by Jakob Silfverberg.
13:43 of 2nd period - Stopped by Tristan Jarry without a rebound.
13:44 of 2nd period - Gustav Nyquist wins face-off versus Ryan Johansen in Jets zone.
13:44 of 2nd period - Gustav Nyquist is hit by Ondrej Palat.
13:47 of 2nd period - Andreas Athanasiou is hit by Ondrej Palat and loses puck.
13:58 of 2nd period - Shot by Gustav Nyquist.
13:58 of 2nd period - Deflect By Andreas Athanasiou.
13:58 of 2nd period - Stopped by Jack Campbell without a rebound.
13:59 of 2nd period - Cole Perfetti wins face-off versus Victor Olofsson in Oilers zone.
14:36 of 2nd period - Shot by Victor Olofsson.
14:36 of 2nd period - Shot Misses the Net.
14:51 of 2nd period - Icing by Dmitry Orlov.
14:52 of 2nd period - Mark Jankowski wins face-off versus Ryan Johansen in Jets zone.
14:52 of 2nd period - Mark Jankowski is hit by Ryan Johansen.
16:11 of 2nd period - Josh Bailey is hit by Colin Miller and loses puck.
16:48 of 2nd period - Shot by Jakob Silfverberg.
16:48 of 2nd period - Stopped by Tristan Jarry without a rebound.
16:49 of 2nd period - Sam Bennett wins face-off versus Darren Helm in Jets zone.
17:16 of 2nd period - Shot by Darren Helm.
17:16 of 2nd period - Shot Hit the Post.
17:18 of 2nd period - Shot by Hampus Lindholm.
17:18 of 2nd period - Deflect By Thomas Novak.
17:18 of 2nd period - Shot Misses the Net.
17:20 of 2nd period - Shot by Oskar Sundqvist.
17:20 of 2nd period - Shot Misses the Net.
17:22 of 2nd period - Shot by Hampus Lindholm.
17:22 of 2nd period - Stopped by Jack Campbell without a rebound.
17:23 of 2nd period - Nick Schmaltz wins face-off versus Ryan Johansen in Oilers zone.
17:26 of 2nd period - Shot by Reilly Smith.
17:26 of 2nd period - Stopped by Jack Campbell without a rebound.
17:27 of 2nd period - Nick Schmaltz wins face-off versus Ryan Johansen in Oilers zone.
17:31 of 2nd period - Nick Schmaltz is hit by Nikita Zaitsev and loses puck.
17:34 of 2nd period - Shot by Andre Burakovsky.
17:34 of 2nd period - Stopped by Jack Campbell without a rebound.
17:35 of 2nd period - Andre Burakovsky wins face-off versus Ryan Johansen in Oilers zone.
19:05 of 2nd period - Brock Boeser is hit by Gustav Nyquist.
19:18 of 2nd period - Off-side.
19:19 of 2nd period - Paul Stastny wins face-off versus Mark Jankowski in neutral zone.
19:38 of 2nd period - Shot by Jakob Silfverberg.
19:38 of 2nd period - Shot Blocked by Mark Jankowski.
19:40 of 2nd period - Shot by Jakob Silfverberg.
19:40 of 2nd period - Shot Misses the Net.
19:42 of 2nd period - Shot by Jakob Silfverberg.
19:42 of 2nd period - Deflect By Paul Stastny.
19:42 of 2nd period - Stopped by Tristan Jarry without a rebound.
19:43 of 2nd period - Adam Lowry wins face-off versus Darren Helm in Jets zone.
19:44 of 2nd period - Shot by Josh Bailey.
19:44 of 2nd period - Shot Misses the Net.
19:46 of 2nd period - Shot by Adam Lowry.
19:46 of 2nd period - Shot Blocked by Hampus Lindholm.
19:48 of 2nd period - Shot by Josh Bailey.
19:48 of 2nd period - Stopped by Tristan Jarry without a rebound.
19:49 of 2nd period - Nick Schmaltz wins face-off versus Adam Lowry in Jets zone.
19:49 of 2nd period - Torey Krug is hit by Adam Lowry and loses puck.
Goals for this period are 2 for Oilers vs 0 for Jets.
Shots for this period are 11 for Oilers vs 16 for Jets.

3rd period


0:01 of 3rd period - Ryan Johansen wins face-off versus Andreas Athanasiou in neutral zone.
0:05 of 3rd period - Dylan Strome is hit by Hampus Lindholm and loses puck.
0:22 of 3rd period - Shot by Gustav Nyquist.
0:22 of 3rd period - Shot Misses the Net.
0:24 of 3rd period - Shot by Oliver Bjorkstrand.
0:24 of 3rd period - Shot Misses the Net.
0:43 of 3rd period - Hampus Lindholm is hit by Mattias Samuelsson and loses puck.
1:04 of 3rd period - Shot by Josh Bailey.
1:04 of 3rd period - Goal by Josh Bailey - Oilers : 3 - Jets : 0.
1:05 of 3rd period - Thomas Novak wins face-off versus Adam Lowry in neutral zone.
2:22 of 3rd period - Shot by Sam Bennett.
2:22 of 3rd period - Shot Misses the Net.
2:24 of 3rd period - Shot by Brock Boeser.
2:24 of 3rd period - Stopped by Tristan Jarry with a rebound.
2:26 of 3rd period - Shot by Nikita Zaitsev.
2:26 of 3rd period - Shot Misses the Net.
2:28 of 3rd period - Shot by Sam Bennett.
2:28 of 3rd period - Shot Blocked by Reilly Smith.
2:30 of 3rd period - Shot by Sam Bennett.
2:30 of 3rd period - Shot Misses the Net.
2:32 of 3rd period - Shot by Brock Boeser.
2:32 of 3rd period - Shot Misses the Net.
2:34 of 3rd period - Shot by Brock Boeser.
2:34 of 3rd period - Deflect By Sam Bennett.
2:34 of 3rd period - Shot Misses the Net.
2:40 of 3rd period - Shot by Brock Boeser.
2:40 of 3rd period - Deflect By Cole Perfetti.
2:40 of 3rd period - Shot Blocked by Colin Miller.
3:39 of 3rd period - Shot by Victor Olofsson.
3:39 of 3rd period - Stopped by Jack Campbell without a rebound.
3:40 of 3rd period - Ryan Johansen wins face-off versus Oliver Bjorkstrand in Oilers zone.
4:36 of 3rd period - Icing by Ryan Pulock.
4:37 of 3rd period - Nick Schmaltz wins face-off versus Ryan Johansen in Oilers zone.
4:48 of 3rd period - Hampus Lindholm is hit by Ryan Johansen and loses puck.
5:17 of 3rd period - Shot by Nick Schmaltz.
5:17 of 3rd period - Deflect By Andre Burakovsky.
5:17 of 3rd period - Stopped by Jack Campbell without a rebound.
5:18 of 3rd period - Mark Jankowski wins face-off versus Sam Bennett in Oilers zone.
5:35 of 3rd period - Shot by Brett Kulak.
5:35 of 3rd period - Stopped by Jack Campbell without a rebound.
5:36 of 3rd period - Adam Lowry wins face-off versus Darren Helm in Oilers zone.
5:48 of 3rd period - Shot by Oskar Sundqvist.
5:48 of 3rd period - Stopped by Jack Campbell with a rebound.
5:50 of 3rd period - Shot by Darren Helm.
5:50 of 3rd period - Deflect By Thomas Novak.
5:50 of 3rd period - Stopped by Jack Campbell without a rebound.
5:51 of 3rd period - Mark Jankowski wins face-off versus Sam Bennett in Oilers zone.
6:03 of 3rd period - Icing by Dmitry Orlov.
6:04 of 3rd period - Paul Stastny wins face-off versus Mark Jankowski in Jets zone.
6:20 of 3rd period - Shot by Victor Olofsson.
6:20 of 3rd period - Stopped by Jack Campbell with a rebound.
7:08 of 3rd period - Shot by Brock Boeser.
7:08 of 3rd period - Goal by Brock Boeser - Oilers : 4 - Jets : 0.
7:08 of 3rd period - Dan Vladar enters game.
7:09 of 3rd period - Andreas Athanasiou wins face-off versus Josh Bailey in neutral zone.
7:22 of 3rd period - Shot by Gustav Nyquist.
7:22 of 3rd period - Stopped by Jack Campbell with a rebound.
7:24 of 3rd period - Shot by Torey Krug.
7:24 of 3rd period - Stopped by Jack Campbell without a rebound.
7:25 of 3rd period - Sam Bennett wins face-off versus Nick Schmaltz in Oilers zone.
7:25 of 3rd period - Mattias Samuelsson is hit by Reilly Smith and loses puck.
7:34 of 3rd period - Shot by Andre Burakovsky.
7:34 of 3rd period - Shot Blocked by Mattias Samuelsson.
7:47 of 3rd period - Icing by Jamie Drysdale.
7:48 of 3rd period - Andreas Athanasiou wins face-off versus Sam Bennett in Oilers zone.
9:28 of 3rd period - Minor Penalty to Dmitry Orlov for Tripping.
9:29 of 3rd period - Sam Bennett wins face-off versus Nick Schmaltz in Jets zone.
9:50 of 3rd period - Shot by Jamie Drysdale.
9:50 of 3rd period - Stopped by Dan Vladar without a rebound.
9:51 of 3rd period - Ryan Johansen wins face-off versus Nick Schmaltz in Jets zone.
9:58 of 3rd period - Shot by Ryan Pulock.
9:58 of 3rd period - Shot Blocked by Hampus Lindholm.
10:10 of 3rd period - Shot by Ryan Johansen.
10:10 of 3rd period - Deflect By Dylan Strome.
10:10 of 3rd period - Shot Misses the Net.
10:26 of 3rd period - Shot by Dylan Strome.
10:26 of 3rd period - Stopped by Dan Vladar without a rebound.
10:27 of 3rd period - Sam Bennett wins face-off versus Garnet Hathaway in Jets zone.
10:30 of 3rd period - Shot by Cole Perfetti.
10:30 of 3rd period - Shot Misses the Net.
10:59 of 3rd period - Sam Bennett is hit by Connor Murphy and loses puck.
11:02 of 3rd period - Shot by Josh Bailey.
11:02 of 3rd period - Stopped by Dan Vladar with a rebound.
11:04 of 3rd period - Shot by Jamie Drysdale.
11:04 of 3rd period - Deflect By Sam Bennett.
11:04 of 3rd period - Stopped by Dan Vladar without a rebound.
11:05 of 3rd period - Ryan Johansen wins face-off versus Nick Schmaltz in Jets zone.
11:38 of 3rd period - Shot by Jakub Voracek.
11:38 of 3rd period - Shot Misses the Net.
12:07 of 3rd period - Darren Helm is hit by Scott Mayfield and loses puck.
12:08 of 3rd period - Darren Helm from Jets is injured at 12:08 of 3rd period (Upper Body).
12:09 of 3rd period - Sam Bennett wins face-off versus Mark Jankowski in Oilers zone.
12:09 of 3rd period - Sam Bennett is hit by Mark Jankowski.
12:45 of 3rd period - Shot by Hampus Lindholm.
12:45 of 3rd period - Shot Blocked by Cole Perfetti.
14:49 of 3rd period - Shot by Hampus Lindholm.
14:49 of 3rd period - Shot Misses the Net.
14:51 of 3rd period - Shot by Mark Jankowski.
14:51 of 3rd period - Shot Blocked by Ryan Pulock.
15:49 of 3rd period - Shot by Scott Mayfield.
15:49 of 3rd period - Shot Misses the Net.
15:51 of 3rd period - Shot by Nikita Zaitsev.
15:51 of 3rd period - Stopped by Dan Vladar with a rebound.
15:53 of 3rd period - Shot by Nikita Zaitsev.
15:53 of 3rd period - Stopped by Dan Vladar with a rebound.
15:55 of 3rd period - Shot by Adam Lowry.
15:55 of 3rd period - Stopped by Dan Vladar without a rebound.
15:56 of 3rd period - Paul Stastny wins face-off versus Andreas Athanasiou in Jets zone.
16:11 of 3rd period - Shot by Scott Mayfield.
16:11 of 3rd period - Stopped by Dan Vladar without a rebound.
16:12 of 3rd period - Andre Burakovsky wins face-off versus Alexander Barabanov in Jets zone.
16:35 of 3rd period - Shot by Alexander Barabanov.
16:35 of 3rd period - Stopped by Dan Vladar without a rebound.
16:36 of 3rd period - Andreas Athanasiou wins face-off versus Cole Perfetti in Jets zone.
16:36 of 3rd period - Andreas Athanasiou is hit by Sam Bennett.
16:56 of 3rd period - Shot by Andreas Athanasiou.
16:56 of 3rd period - Deflect By Oliver Bjorkstrand.
16:56 of 3rd period - Shot Misses the Net.
17:18 of 3rd period - Icing by Scott Mayfield.
17:19 of 3rd period - Cole Perfetti wins face-off versus Nick Schmaltz in Oilers zone.
17:19 of 3rd period - Cole Perfetti is hit by Andre Burakovsky.
17:24 of 3rd period - Icing by Scott Mayfield.
17:25 of 3rd period - Sam Bennett wins face-off versus Reilly Smith in Oilers zone.
19:15 of 3rd period - Shot by Dylan Strome.
19:15 of 3rd period - Shot Blocked by Torey Krug.
19:17 of 3rd period - Shot by Ryan Pulock.
19:17 of 3rd period - Shot Misses the Net.
19:19 of 3rd period - Shot by Ondrej Palat.
19:19 of 3rd period - Stopped by Dan Vladar without a rebound.
19:20 of 3rd period - Paul Stastny wins face-off versus Mark Jankowski in Jets zone.
19:37 of 3rd period - Shot by Victor Olofsson.
19:37 of 3rd period - Shot Misses the Net.
19:39 of 3rd period - Shot by Mark Jankowski.
19:39 of 3rd period - Shot Misses the Net.
19:41 of 3rd period - Shot by Mark Jankowski.
19:41 of 3rd period - Shot Blocked by Ryan Pulock.
Goals for this period are 2 for Oilers vs 0 for Jets.
Shots for this period are 13 for Oilers vs 8 for Jets.